 Dungeon Sprint DCSS version bcrawl-1.39.1 (console) character file.

Game seed: 7009233944161054225

932835 Lexodia the Imperceptible (level 10, -2/88 HPs)
             Began as a Felid Enchanter on Aug 2, 2023.
             Was a Plaything of Xom.
             Splashed by an oklob plant's acid (17 damage)
             ... in the Dungeon (Sprint II: "The Violet Keep of Menkaure").
             The game lasted 00:10:30 (1020 turns).

Lexodia the Imperceptible (Felid Enchanter)         Turns: 1020, Time: 00:10:31

Health: -2/88      AC: -2    Str:  9    XL:     10   Next: 52%
Magic:  17/17      EV: 33    Int: 16    God:    Xom [*.....]
Gold:   1018       SH:  0    Dex: 21    Spells: 8/17 levels left
                                        Lives:  0   Deaths: 3

rFire    + . .     GDR:     32%   - Teeth and claws (26.9)
rCold    + . .     SeeInvis +   (shield unavailable)
rNeg     . . .     Gourm    .   (armour unavailable)
rPois    .         Faith    .   (helmet unavailable)
rElec    .         Spirit   .   (cloak restricted)
rCorr    .         Reflect  .   (gloves unavailable)
MR       +....     NoTele   +   (boots unavailable)
Stlth    ..........             v - amulet of rage
HPRegen  0.24/turn              (no ring)
MPRegen  0.15/turn              (no ring)

@: berserking (expiring), corroded, very quick
A: very small, no armour, no weapons or thrown items, stealth, claws 1, fangs 3,
see invisible, carnivore, cold resistance 1, fire resistance 1, speed 1, shaggy
fur 2, slow metabolism 1, MP-powered wands, sharp paws
a: Renounce Religion, Evoke Berserk Rage


You were in the Dungeon.
You worshipped Xom.
You were a special plaything of Xom.
You were not hungry.

You visited 1 branch You collected 1363 gold pieces.
You spent 345 gold pieces at shops.

Inventory:

Jewellery
 f - the ring "Yggelue" {Ice rN+ Str+3 Dex+5 Stlth-, unknown}
   (You bought it in a shop in the Dungeon)

   [ring of ice]

   It enhances your ice magic.
   It affects your strength (+3).
   It affects your dexterity (+5).
   It makes you vulnerable to fire.
   It protects you from cold.
   It protects you from negative energy.
   It makes you less stealthy.
 v - an amulet of rage (around neck)
Scrolls
 a - 4 scrolls of revelation
 b - 3 scrolls of fog
 i - 2 scrolls of identify
 j - 3 scrolls of blinking
 o - 2 scrolls of remove curse {unknown}
 r - 3 scrolls of enchant armour {unknown}
 s - a scroll of fear {unknown}
 w - 2 scrolls of amnesia {unknown}
Potions
 c - a potion of experience {unknown}
 g - 4 potions of haste
 h - 5 potions of magic
 l - 2 potions of might
 n - a potion of lignification
 p - 3 potions of resistance
 t - 6 potions of flight
Comestibles
 e - 6 rations {!d}


   Skills:
 - Level 10.0 Fighting
 - Level 15.0 Dodging
 + Level 21.0 Stealth
 + Level 18.8 Unarmed Combat
 - Level 4.0 Spellcasting
 - Level 3.0 Conjurations
 - Level 8.0 Hexes
 - Level 2.0 Ice Magic


You had 8 spell levels left.
You knew the following spells:

 Your Spells              Type           Power        Failure   Level  Hunger
a - Slow                  Hex            ####....     1%          1    None
b - Ensorcelled Hibernat  Hex/Ice        ###...       3%          2    None
c - Confuse               Hex            ####....     1%          3    ###....
d - Dazzling Orbs         Conj/Hex       ###....      5%          3    ###....

Your spell library contained the following spells:

 Spells                   Type           Power        Failure   Level  Hunger
 Tukima's Dance           Hex            ####....     1%          3    ###....
 Cause Fear               Hex            ####......   6%          4    #####..


Dungeon Overview and Level Annotations

Branches:
Dungeon (1/1)

Altars:
Cheibriados
Dithmenos
Elyvilon
Fedhas
Gozag
Hepliaklqana
Kikubaaqudgha
Lugonu
Makhleb
Nemelex Xobeh
Okawaru
Qazlal
Ru
Sif Muna
Trog
Uskayaw
Vehumet
Wu Jian
Xom
Yredelemnul
Zin
The Shining One
Jiyva

Shops:
D :*[[=!=%([}}(:![[?:[:

Annotations:
D exclusion: oklob plant, Roxanne


Innate Abilities, Weirdness & Mutations

You cannot wear almost all types of armour.
You are incapable of wielding weapons or throwing items.
Your paws allow you to move quietly. (Stealth)
You have sharp claws.
You have razor-sharp teeth.
You have supernaturally acute eyesight. (SInv)
You are carnivorous and can eat meat at any time.
You cover ground quickly.
You are covered in thick fur. (AC +2)
You have a slow metabolism.
Your sharp claws are effective at attacking unaware monsters.
Your flesh is cold resistant. (rC+)
Your flesh is heat resistant. (rF+)
You expend magic power (3 MP) to strengthen your wands.


Message History

You bite the death yak, but do no damage.
The death yak is severely wounded.
The death yak misses you.
You barely miss the death yak. You bite the death yak.
The death yak is severely wounded.
You mangle the death yak!!
You kill the death yak!
The oklob plant spits acid at you. The splash of acid hits you!
You are splashed with acid!
Things that are here:
a club; a death yak corpse You see here a scroll labeled WEMABU UZAYZAR.
You claw the oklob plant!
The oklob plant is moderately damaged.
The oklob plant spits acid at you. The splash of acid hits you!
* * * LOW HITPOINT WARNING * * *
The acid corrodes you!
You are splashed with acid!
You die...
Xom titters!

##.⌠.∩....#≈##.###'#
##..∩.∩...#≈#...##.#
##...∩.∩..'≈'.#.'.<.
##....∩.∩.#≈#.).##.#
#▓▓▓▓▓▓▓###≈##.###'#
##)..######≈≈####.#.
#$.$#h.+.##≈≈≈#.###
#∩P$+h$#+##†#≈##.#.
#[@.#h##≈##.#≈≈##'#
#[)$###§§§####≈≈≈≈≈
##'###§§§§ ∆#+++#+
#.)$##§§§§


zzzz ##'###§§§§ ≈≈≈z°. #.?.#+≈§8≈ +≈.≈°.≈. ##'### §§≈ ##°.°z°≈ #...## §§
###°≈○≈° ##'## § #∩####+# You could see Roxanne, an oklob plant and 3 black
bears.

Vanquished Creatures
  the Lernaean hydra (D)
  A kraken (D)
  An orc warlord (D)
  A death yak (D)
  An obsidian statue (D)
  3 manticores (D)
  2 toenail golems (D)
  A merfolk siren (D)
  A yaktaur (D)
  A hornet (D)
  3 polar bears (D)
  2 hippogriffs (D)
  4 neqoxecs (D)
  A vampire mosquito (D)
  Menkaure (D)
  3 crocodiles (D)
  4 necrophages (D)
  4 tentacles (D)
35 creatures vanquished.

Vanquished Creatures (others)
  Nessos (D)
  A crocodile (D)
  12 tentacles (D)
14 creatures vanquished.

Grand Total: 49 creatures vanquished

Notes
Turn   | Place    | Note
-------+----------+-------------------------------------------
     0 | D        | Lexodia the Felid Enchanter began the quest for the Orb.
     0 | D        | Reached XP level 1. HP: 9/9 MP: 4/4
     1 | D        | Noticed a merfolk siren
     2 | D        | Reached skill level 9 in Stealth
     2 | D        | Reached skill level 10 in Unarmed Combat
     2 | D        | Reached XP level 2. HP: 13/13 MP: 6/6
     2 | D        | Reached XP level 3. HP: 16/16 MP: 7/7
     2 | D        | Reached XP level 4. HP: 21/21 MP: 8/8
     2 | D        | Reached XP level 5. HP: 24/24 MP: 9/9
     4 | D        | Killed a merfolk siren
     8 | D        | Learned a level 2 spell: Ensorcelled Hibernation
    12 | D        | Learned a level 3 spell: Confuse
    18 | D        | Found Feoziv's Magic Scroll Emporium.
    18 | D        | Found Uneruag's Antique Weapon Shoppe.
    18 | D        | Found Leehion's Gadget Emporium.
    18 | D        | Found Xecweantell's Gadget Shoppe.
    18 | D        | Found Tanyim's Distillery.
    18 | D        | Found Iguel Vafum's Antique Armour Emporium.
    19 | D        | Found Halonlo's Food Shoppe.
    19 | D        | Found Vyj Viroxi's Jewellery Emporium.
    19 | D        | Found Veimn's Antique Armour Shoppe.
    19 | D        | Found Coshrung's Book Shoppe.
    19 | D        | Found Ehooll's Book Emporium.
    20 | D        | Found Erahoigitu's Distillery.
    20 | D        | Found Lauxe's Jewellery Emporium.
    20 | D        | Noticed a manticore
    21 | D        | Reached skill level 10 in Stealth
    21 | D        | Gained mutation: You are covered in thick fur. (AC +2)
                  | [Felid growth]
    21 | D        | Reached XP level 6. HP: 35/35 MP: 10/10
    21 | D        | Found Utanirui's Antique Armour Shoppe.
    21 | D        | Found Zoext's Weapon Emporium.
    22 | D        | Noticed Menkaure
    22 | D        | Noticed a manticore
    22 | D        | Noticed a manticore
    22 | D        | Noticed an oklob plant
    23 | D        | Reached skill level 10 in Dodging
    23 | D        | Reached skill level 12 in Stealth
    23 | D        | Reached XP level 7. HP: 43/43 MP: 11/11
    23 | D        | Reached XP level 8. HP: 47/47 MP: 12/12
    23 | D        | Found Ubehisul's Book Shoppe.
    25 | D        | Bought a scroll of fog for 20 gold pieces
    25 | D        | Bought a scroll of revelation for 40 gold pieces
    25 | D        | Bought a scroll of identify for 20 gold pieces
    25 | D        | Noticed a death yak
    29 | D        | Bought a potion of might for 40 gold pieces
    29 | D        | Bought a potion of agility for 40 gold pieces
    29 | D        | Bought a potion of lignification for 30 gold pieces
    51 | D        | Killed Menkaure
    67 | D        | Reached skill level 13 in Stealth
   105 | D        | Reached XP level 9. HP: 47/54 MP: 13/13
   112 | D        | Learned a level 3 spell: Dazzling Orbs
   125 | D        | Reached skill level 1 in Ice Magic
   148 | D        | Reached skill level 1 in Conjurations
   148 | D        | Reached skill level 5 in Hexes
   159 | D        | Noticed a flying skull
   159 | D        | Noticed a flying skull
   159 | D        | Noticed a flying skull
   159 | D        | Noticed a flying skull
   159 | D        | Noticed a flying skull
   159 | D        | Noticed a flying skull
   159 | D        | Noticed a flying skull
   160 | D        | Reached skill level 10 in Fighting
   160 | D        | Reached skill level 14 in Stealth
   160 | D        | Noticed a flying skull
   161 | D        | Noticed a flying skull
   162 | D        | Noticed a flying skull
   163 | D        | Reached XP level 10. HP: 59/59 MP: 15/17
   228 | D        | Found a glowing silver altar of Zin.
   228 | D        | Found a radiant altar of Vehumet.
   229 | D        | Found a glowing golden altar of the Shining One.
   229 | D        | Found a basalt altar of Yredelemnul.
   229 | D        | Found a hide-covered altar of Uskayaw.
   230 | D        | Found a shimmering altar of Xom.
   230 | D        | Found a bloodstained altar of Trog.
   230 | D        | Found a burning altar of Makhleb.
   231 | D        | Found an ornate altar of the Wu Jian Council.
   231 | D        | Found a shimmering blue altar of Sif Muna.
   231 | D        | Found a corrupted altar of Lugonu.
   232 | D        | Found a sacrificial altar of Ru.
   232 | D        | Found an ancient bone altar of Kikubaaqudgha.
   232 | D        | Found a white marble altar of Elyvilon.
   233 | D        | Found a stormy altar of Qazlal.
   233 | D        | Found a viscous altar of Jiyva.
   233 | D        | Found a shadowy altar of Dithmenos.
   234 | D        | Found a hazy altar of Hepliaklqana.
   234 | D        | Found a snail-covered altar of Cheibriados.
   236 | D        | Found a roughly hewn altar of Beogh.
   236 | D        | Found a sparkling altar of Nemelex Xobeh.
   236 | D        | Found a blossoming altar of Fedhas.
   237 | D        | Found an opulent altar of Gozag.
   237 | D        | Found an iron altar of Okawaru.
   239 | D        | Became a worshipper of Xom of Malicious Giggling
   266 | D        | Reached skill level 15 in Dodging
   266 | D        | Reached skill level 15 in Stealth
   278 | D        | XOM: potion effect (might)
   284 | D        | XOM: potion effect (heal wounds)
   294 | D        | XOM: potion effect (might)
   346 | D        | Noticed a kraken
   347 | D        | Reached skill level 16 in Stealth
   347 | D        | Reached skill level 15 in Unarmed Combat
   348 | D        | XOM: blink monster(s)
   353 | D        | XOM: enchant monster (good)
   355 | D        | XOM: stat loss: -1 Str (8/9)
   373 | D        | Demolished by a kraken
   374 | D        | Reached XP level 9. HP: -19/54 MP: 16/16
   374 | D        | Found the +0 sword of Power
   504 | D        | XOM: smoke on damage
   513 | D        | HP: 1/81 [tentacle[a kraken] (10)]
   523 | D        | Killed a kraken
   663 | D        | Noticed a flying skull
   664 | D        | Noticed a flying skull
   664 | D        | Noticed a flying skull
   664 | D        | Noticed a flying skull
   665 | D        | Reached skill level 17 in Stealth
   665 | D        | Noticed a flying skull
   665 | D        | Noticed a flying skull
   666 | D        | Reached XP level 10. HP: 59/59 MP: 17/17
   682 | D        | XOM: enchant monster (bad)
   702 | D        | Noticed an obsidian statue
   705 | D        | Noticed a sixfirhy
   711 | D        | Noticed an orange demon
   716 | D        | XOM: destruction
   717 | D        | Gained mutation: Your flesh is cold resistant. (rC+)
                  | [potion of mutation]
   717 | D        | Gained mutation: You expend magic power (3 MP) to
                  | strengthen your wands. [potion of mutation]
   717 | D        | Gained mutation: Your flesh is heat resistant. (rF+)
                  | [potion of mutation]
   721 | D        | Noticed a sixfirhy
   722 | D        | Reached skill level 18 in Stealth
   734 | D        | Killed an obsidian statue
   860 | D        | Noticed a sixfirhy
   864 | D        | Succumbed to poison (poison gas)
   865 | D        | Reached XP level 9. HP: -3/54 MP: 16/16
   869 | D        | Found Weudaj's Book Shoppe.
   870 | D        | Found Tephomic's Armour Boutique.
   929 | D        | Found Feadghit's Antique Armour Shoppe.
   930 | D        | Found Tatup's Assorted Antiques.
   933 | D        | Noticed Nessos
   936 | D        | XOM: butterfly on damage
   941 | D        | Bought a transparent granite ring for 155 gold pieces
   941 | D        | HP: 2/54 [poisoned by Nessos]
   947 | D        | HP: 1/81 [poisoned by Nessos]
   947 | D        | XOM: divination: detect items
   948 | D        | Shot with an arrow by Nessos
   949 | D        | Found Wineo's Antique Armour Shoppe.
   949 | D        | Reached XP level 8. HP: -23/75 MP: 15/15
   965 | D        | Noticed a toenail golem
   965 | D        | Noticed the 27-headed Lernaean hydra
   966 | D        | Reached skill level 20 in Stealth
   966 | D        | Reached XP level 9. HP: 54/54 MP: 16/16
   966 | D        | Reached XP level 10. HP: 59/59 MP: 17/17
   967 | D        | Killed the 27-headed Lernaean hydra
   971 | D        | Noticed an orc warlord
   973 | D        | Noticed a toenail golem
   987 | D        | Killed a toenail golem
   991 | D        | Killed a toenail golem
   994 | D        | Noticed Roxanne
   995 | D        | Reached skill level 21 in Stealth
   995 | D        | Killed an orc warlord
   997 | D        | Killed Nessos
  1004 | D        | Killed a manticore
  1009 | D        | Killed a manticore
  1013 | D        | Killed a manticore
  1017 | D        | Killed a death yak
  1020 | D        | Splashed by an oklob plant's acid

Skill      XL: |  1  2  3  4  5  6  7  8  9 10 |
---------------+-------------------------------+-----
Stealth        | 9 10 12 20 17 21 | 21.0
Unarmed Combat | 10 11 18 17 16 | 18.8
Fighting       | 4 8 9 10 | 10.0
Dodging        | 7 10 12 14 15 | 15.0
Ice Magic      | 2 |  2.0
Spellcasting   | 4 |  4.0
Conjurations   | 3 |  3.0
Hexes          | 7 8 |  8.0

Action                   |  1- 3 |  4- 6 |  7- 9 | 10-12 || total
-------------------------+-------+-------+-------+-------++-------
Melee: Unarmed           |       |     1 |    61 |   104 ||   166
       Bite              |       |       |     5 |    14 ||    19
       Punch             |       |       |     1 |     8 ||     9
 Abil: Evoke Berserk Rag |       |       |     1 |     1 ||     2
  Use: Potion            |       |       |     6 |     6 ||    12
       Scroll            |       |       |     3 |       ||     3
 Stab: Sleeping          |       |     1 |     7 |     3 ||    11
Armor: Skin              |       |       |     1 |       ||     1
Dodge: Dodged            |       |       |    49 |   113 ||   162
